 Dungeon Crawl Stone Soup version 0.29.1-4-g47bece8355 (webtiles) character file.

Game seed: 2441148960122446068

126 venomsnake the Chopper (level 4, 0/41 HPs)
             Began as a Minotaur Berserker on Dec 10, 2022.
             Was a Follower of Trog.
             Slain by a gnoll
             ... wielding a +0 spear
              (2 damage)
             ... on level 3 of the Dungeon.
             The game lasted 00:05:25 (2572 turns).

venomsnake the Chopper (Minotaur Berserker)         Turns: 2572, Time: 00:05:25

Health: 0/41       AC:  9    Str: 23    XL:     4   Next: 84%
Magic:  3/3        EV:  9    Int:  4    God:    Trog [*.....]
Gold:   57         SH:  0    Dex: 10    Spells: 3/3 levels left

rFire   . . .      SeeInvis .   a - +0 hand axe
rCold   . . .      Faith    .   (no shield)
rNeg    . . .      Spirit   .   l - +0 chain mail
rPois   .          Reflect  .   (helmet restricted)
rElec   .          Harm     .   (no cloak)
rCorr   .          Rampage  .   (no gloves)
Will    .....                   (no boots)
Stlth   ..........              (no amulet)
HPRegen 0.13/turn               (no ring)
MPRegen 0.08/turn               (no ring)

@: no status effects
A: horns 2, retaliatory headbutt
a: Renounce Religion, Berserk


You were on level 3 of the Dungeon.
You worshipped Trog.
Trog was aware of your devotion.
You visited 1 branch of the dungeon, and saw 3 of its levels.

You collected 57 gold pieces.

Inventory:

Hand Weapons
 a - a +0 hand axe (weapon)
Missiles
 f - 15 stones (quivered)
Armour
 l - a +0 chain mail (worn)
Scrolls
 b - a scroll of amnesia {unknown}
 g - a scroll of fog {unknown}
 h - a scroll of enchant weapon {unknown}
 i - a scroll of poison {unknown}
 j - a scroll of teleportation {unknown}
 k - 2 scrolls of silence {unknown}
Potions
 c - a potion of haste {unknown}
 d - 5 potions of heal wounds {unknown}
 e - 3 potions of curing {unknown}


   Skills:
 + Level 4.4 Fighting
 + Level 4.4 Axes
 + Level 3.4 Armour
 + Level 3.1 Dodging
 + Level 1.6 Evocations


You had 3 spell levels left.
You didn't know any spells.
Your spell library was empty.

Dungeon Overview and Level Annotations

Branches:
Dungeon (3/15)

Altars:
Nemelex Xobeh

Annotations:
D:3 Grinder


Innate Abilities, Weirdness & Mutations

You have a pair of horns on your head.
You reflexively headbutt those who attack you in melee.


Message History

The gnoll blinks!
A gnoll comes into view. It is wielding a +0 spear.
The gnoll shouts!
You hear a shout!
A gnoll comes into view. It is wielding a +0 spear.
You see here 9 gold pieces.
The gnoll hits you with a +0 halberd!
You closely miss the gnoll. The gnoll hits you but does no damage.
You hit the gnoll. You headbutt the gnoll.
The gnoll is heavily wounded.
The gnoll hits you but does no damage.
You hit the gnoll but do no damage.
The gnoll is heavily wounded.
The gnoll closely misses you. The gnoll hits you with a +0 halberd.
You hit the gnoll.
The gnoll is almost dead.
The gnoll hits you but does no damage. The gnoll hits you with a +0 halberd.
You hit the gnoll.
You kill the gnoll!
Trog accepts your kill.
You closely miss Grinder. The gnoll hits you but does no damage.
Grinder gestures at you. Pain shoots through your body!
The gnoll hits you but does no damage.
You barely miss Grinder. Your headbutt misses Grinder.
Grinder is lightly wounded.
Grinder barely misses you. The gnoll completely misses you.
A rat comes into view.
The gnoll closely misses you.
You hit Grinder. You headbutt Grinder.
Grinder is moderately wounded.
Grinder hits you.
You writhe in agony.
* * * LOW HITPOINT WARNING * * *
The gnoll hits you but does no damage. The gnoll barely misses you.
You hit Grinder but do no damage.
Grinder is moderately wounded.
Grinder hits you.
* * * LOW HITPOINT WARNING * * *
You writhe in agony.
* * * LOW HITPOINT WARNING * * *
The gnoll hits you from afar with a +0 spear.
You die...

. #.#
#.5...5##.# # g
#.###.####.##..
#g #...^..
.....#
#.##...$..#
#.##.#
###.....###..
..... #.....g.#
... .##.
.....##gg###...
...####
##.#.##5.....###
#.....
#...@)..###
#.###....
####.####
........ #...#
##.... ###.#
#.... .# #...# #
#..## #..# #..#
#..#


You could see Grinder and 3 gnolls.

Vanquished Creatures
  2 orc priests (D:3)
  A gnoll (D:3)
  A worm (D:2)
  2 dart slugs (D:2)
  2 orcs (D:3)
  6 bats
  7 endoplasms
  3 giant cockroaches
  3 goblins
  3 hobgoblins
  3 kobolds
  2 quokkas (D:2)
  9 ball pythons
  A frilled lizard (D:1)
  A rat (D:3)
46 creatures vanquished.

Notes
Turn   | Place    | Note
-------+----------+-------------------------------------------
     0 | D:1      | venomsnake the Minotaur Berserker began the quest for the
                  | Orb.
     0 | D:1      | Reached XP level 1. HP: 19/19 MP: 0/0
   543 | D:1      | Reached XP level 2. HP: 27/27 MP: 1/1
   806 | D:1      | Found a faded altar of an unknown god.
  1723 | D:2      | Reached XP level 3. HP: 32/33 MP: 2/2
  1813 | D:2      | Reached skill level 1 in Evocations
  1818 | D:2      | Found a sparkling altar of Nemelex Xobeh.
  2179 | D:3      | Reached XP level 4. HP: 10/40 MP: 3/3
  2443 | D:3      | Reached ** piety under Trog
  2541 | D:3      | Noticed Grinder
  2541 | D:3      | Paralysed by Grinder for 5 turns
  2572 | D:3      | HP: 2/41 [Grinder (5)]
  2572 | D:3      | Slain by a gnoll

Illustrated notes

Levels and vault maps discovered:
D:1:      zelgadis_glass_arrival_small, layout_basic,
          shapermc_ecumenical_altar_pompeii
D:2:      layout_loops_ring, basic_altar, nicolae_kite_square_tiling_tiny,
          fountainhead
D:3:      layout_loops_ring, uniq_grinder

Skill      XL: |  1  2  3  4 |
---------------+-------------+-----
Axes           | 4 |  4.4
Fighting       | 4 |  4.4
Evocations     | 1 |  1.6
Armour         | 3 |  3.4
Dodging        | 3 |  3.1

Action                   |  1- 3 |  4- 6 || total
-------------------------+-------+-------++-------
Melee: Hand axe          |    79 |    27 ||   106
       Headbutt          |     7 |     5 ||    12
Invok: Berserk           |     1 |       ||     1
       Trog's Hand       |       |     1 ||     1
 Stab: Sleeping          |     1 |       ||     1
Armor: Animal skin       |    11 |       ||    11
       Leather armour    |     4 |       ||     4
       Chain mail        |     1 |    12 ||    13
Dodge: Dodged            |    45 |    10 ||    55
